AoeStats
← 2035007090

Nomad

503140515Analyzed
4v4 RM · 1mo ago on Aug 30, 2026· 28m 31s· 8 players
Game mode
Random Map
Map size
231×231
Population
200
Speed
Normal
Resources
Standard
Victory
Conquest
Starting age
Dark Age
Ending age
Imperial Age
RankedLock teamsTeams togetherTeam positionsShared explorationLock speedFull tech treeHidden civsTurbo modeCheats
Victory
Defeat
🇳🇱 Magyars · Netherlands
1583
+9
🇫🇷 Khmer · France
1466
+14
🇳🇱 Bulgarians · Netherlands
1446
+15
🇩🇪 Jurchens · Germany
1435
+16
🇨🇳 Turks · China
1452
-15
🇦🇺 Bohemians · Australia
1434
-14
🇹🇼 Gurjaras · Taiwan
1432
-14
🇺🇸 Japanese · United States
1387
-12
Munkesy
4:45 Loom
13:58 Feudal Age
18:36 Castle Age
17:41 Scale Mail Armor
17:52 Forging
18:22 Fishing Lines
19:24 Gambesons
19:57 Chain Mail Armor
24:16 Squires
26:46 Double-Bit Axe
Tiekel
10:25 Loom
12:43 Feudal Age
13:14 Double-Bit Axe
15:44 Town Watch
20:15 Castle Age
18:51 Gold Mining
20:12 Fletching
21:44 Medium Warships
21:17 Fishing Lines
23:01 Bow Saw
23:47 Gold Shaft Mining
24:07 Wheelbarrow
24:40 Bodkin Arrow
JCPJ.Philipp
10:07 Loom
13:24 Feudal Age
17:09 Castle Age
27:02 Scale Barding Armor
Boucaruto
13:54 Feudal Age
17:00 Castle Age
16:13 Loom
20:52 Horse Collar
22:28 Double-Bit Axe
22:44 Heavy Plow
22:38 Gold Mining
22:39 Stone Mining
24:16 Wheelbarrow
25:17 Bow Saw
25:39 Bloodlines
25:30 Husbandry
26:44 Hand Cart
26:45 Scale Barding Armor
26:54 Forging
29:01 Chain Barding Armor
matt
4:35 Loom
13:15 Feudal Age
13:55 Double-Bit Axe
13:56 Horse Collar
18:57 Castle Age
23:02 Fervor
23:36 Wheelbarrow
24:01 Sanctity
alumin
10:58 Loom
13:34 Feudal Age
15:10 Double-Bit Axe
19:25 Castle Age
17:07 Horse Collar
18:17 Gold Mining
20:28 Medium Warships
20:36 Bow Saw
22:37 Wheelbarrow
22:20 Stone Mining
24:10 Fletching
24:44 Heavy Plow
27:53 Hand Cart
2035007090
14:45 Feudal Age
18:26 Castle Age
18:39 Loom
N3mu
11:14 Loom
13:17 Feudal Age
17:46 Castle Age
16:29 Horse Collar
16:58 Double-Bit Axe
18:11 Fletching
23:18 Padded Archer Armor
23:13 Bodkin Arrow
Connection lost

Rejoining the realm…

Still unreachable

The connection could not be restored.

Session expired

The server has moved on; the page needs a fresh start.